AoeStats
← 玩印度的哥们硬不起来

Arena

509571423Analyzed
3v3 RM · 5d ago on Sep 27, 2026· 51m 19s· 6 players
Game mode
Random Map
Map size
Normal (6 player)
Population
200
Speed
Normal
Resources
Standard
Victory
Conquest
Starting age
Dark Age
Ending age
Imperial Age
RankedLock teamsTeams togetherTeam positionsShared explorationLock speedFull tech treeHidden civsTurbo modeCheats
Victory
Defeat
🇳🇱 Cumans · Netherlands
1497
+13
🇳🇱 Varangians · Netherlands
1422
+16
🇳🇱 Saxons · Netherlands
1320
+19
1461
-18
🇨🇳 Britons · China
1395
-15
🇨🇳 Varangians · China
1393
-15
R2-D2
10:10 Feudal Age
13:48 Castle Age
12:12 Double-Bit Axe
12:09 Horse Collar
14:48 Bow Saw
15:07 Light Cavalry
23:09 Wheelbarrow
24:37 Hand Cart
26:41 Loom
26:42 Town Watch
29:57 Imperial Age
27:41 Bloodlines
27:31 Husbandry
27:42 Scale Barding Armor
28:47 Chain Barding Armor
28:58 Forging
29:45 Gold Mining
29:47 Stone Mining
30:02 Heavy Plow
31:01 Conscription
30:46 Elite Jarl
32:46 Plate Barding Armor
32:53 Iron Casting
36:58 Coinage
38:15 Blast Furnace
40:34 Banking
40:15 Guilds
40:06 Caravan
43:46 Fletching
49:32 Bodkin Arrow
50:07 Padded Archer Armor
50:19 Bracer
49:47 Elite Skirmisher
51:07 Leather Archer Armor
52:17 Ring Archer Armor
PeterBro
10:42 Feudal Age
12:51 Loom
12:52 Double-Bit Axe
12:51 Horse Collar
13:43 Gold Mining
15:57 Castle Age
15:44 Wheelbarrow
22:40 Scale Mail Armor
24:04 Forging
25:02 Fletching
26:59 Chain Mail Armor
30:06 Iron Casting
30:31 Bow Saw
30:24 Heavy Plow
36:32 Bodkin Arrow
37:05 Squires
36:52 Arson
37:52 Hand Cart
42:22 Imperial Age
40:34 Gold Shaft Mining
43:34 Plate Mail Armor
42:27 Shield Wall
43:31 Conscription
44:10 Elite Hearth Troop
51:11 Caravan
Mercy
8:23 Feudal Age
9:25 Double-Bit Axe
10:05 Horse Collar
12:00 Town Watch
14:37 Loom
20:26 Castle Age
19:08 Wheelbarrow
18:58 Gold Mining
20:11 Bloodlines
20:07 Scale Barding Armor
20:27 Capped Ram
21:37 Forging
22:57 Fletching
28:32 Bow Saw
29:24 Heavy Plow
32:04 Chain Barding Armor
32:58 Hand Cart
33:32 Iron Casting
40:22 Imperial Age
40:25 Cavalier
41:40 Plate Barding Armor
42:23 Blast Furnace
42:35 Conscription
41:47 Paladin
42:15 Siege Ram
43:25 Guilds
43:24 Bodkin Arrow
43:41 Masonry
47:02 Coinage
49:15 Ballistics
50:36 Banking
51:05 Gold Shaft Mining
50:21 Stone Mining
张世豪
10:20 Feudal Age
14:55 Castle Age
13:31 Double-Bit Axe
13:45 Horse Collar
14:00 Gold Mining
15:25 Loom
18:25 Bow Saw
20:26 Fletching
22:40 Bodkin Arrow
23:20 Ballistics
25:29 Wheelbarrow
24:59 Heavy Plow
28:38 Wheelbarrow
35:38 Gold Shaft Mining
36:03 Hand Cart
41:20 Imperial Age
39:31 Fortified Wall
39:02 Treadmill Crane
39:39 Heavy Plow
40:51 Pikeman
41:32 Squires
42:10 Halberdier
45:12 Two-Man Saw
44:28 Bracer
45:53 Scale Mail Armor
46:04 Forging
46:55 Chemistry
杨吉光
10:19 Feudal Age
15:05 Castle Age
14:25 Double-Bit Axe
14:46 Horse Collar
19:47 Scale Barding Armor
21:55 Bloodlines
23:05 Forging
28:36 Chain Barding Armor
29:14 Gold Mining
31:05 Iron Casting
30:56 Bow Saw
34:12 Husbandry
41:07 Imperial Age
39:14 Wheelbarrow
39:26 Stone Mining
41:37 Stone Shaft Mining
41:40 Squires
41:05 Pikeman
41:27 Cavalier
43:12 Blast Furnace
43:52 Plate Barding Armor
47:30 Gothikon
玩印度的哥们硬不起来
8:29 Loom
10:32 Feudal Age
14:25 Castle Age
12:52 Double-Bit Axe
15:05 Wheelbarrow
19:38 Horse Collar
22:01 Heavy Plow
24:28 Bow Saw
26:44 Gold Mining
27:56 Hand Cart
30:42 Imperial Age
29:07 Scale Mail Armor
29:44 Pikeman
30:41 Chain Mail Armor
31:07 Scale Barding Armor
31:10 Squires
32:33 Two-Man Saw
32:06 Crop Rotation
31:48 Husbandry
32:51 Gold Shaft Mining
31:41 Capped Ram
31:56 Heavy Camel Rider
34:21 Chain Barding Armor
34:30 Stone Mining
35:30 Plate Mail Armor
36:40 Stone Shaft Mining
36:36 Halberdier
39:10 Plate Barding Armor
38:46 Forging
40:29 Chemistry
42:07 Fortified Wall
42:42 Padded Archer Armor
43:30 Conscription
43:50 Leather Archer Armor
47:08 Light Cavalry
47:52 Siege Ram
50:07 Ring Archer Armor
49:50 Siege Ram
51:23 Iron Casting
Connection lost

Rejoining the realm…

Still unreachable

The connection could not be restored.

Session expired

The server has moved on; the page needs a fresh start.